 Dungeon Crawl Stone Soup version 0.31-a0-1074-g0b22e4e0f1 (webtiles) character file.

Game seed: 1617761567508310171

296 BigPumpCobain the Ruffian (level 6, -4/59 HPs)
             Began as a Troll Shapeshifter on Dec 7, 2023.
             Was an Initiate of Okawaru.
             Slain by an ice beast (5 damage)
             ... on level 6 of the Dungeon.
             The game lasted 00:05:48 (2586 turns).

BigPumpCobain the Ruffian (Troll Shapeshifter)      Turns: 2586, Time: 00:05:49

Health: -4/59      AC:  6    Str: 23    XL:     6   Next: 12%
Magic:  5/5        EV:  9    Int:  6    God:    Okawaru [......]
Gold:   211        SH:  0    Dex:  9    Spells: 5/5 levels left

rFire   . .          .
                       - Unarmed
rCold   . . .        (no shield)
rNeg    . . .        a - +0 animal skin
rPois   +            (helmet currently unavailable)
rElec   .            (cloak currently unavailable)
rCorr   .            (gloves unavailable)
SInv    .            (boots unavailable)
Will    .....        (no amulet)
Stlth   +            h - ring of poison resistance
HPRegen 1.09/turn    (no ring)
MPRegen 0.09/turn

%: no passive effects
@: beast-form
A: beast (slay +2), large, unfitting armour, claws 3, regeneration 1, shaggy fur
1, tough skin 1, iridescent scales 1, weak 1, evolution 1
a: Begin Untransformation, Renounce Religion


You were on level 6 of the Dungeon.
You worshipped Okawaru.
Okawaru was noncommittal.
You were a hulking beast.
You visited 1 branch of the dungeon, and saw 5 of its levels.

You collected 211 gold pieces.

Inventory:

Missiles
 j - 2 silver javelins
Armour
 a - a +0 animal skin (worn)
Jewellery
 h - a ring of poison resistance (left claw)
 m - an amulet of faith
Talismans
 c - a beast talisman
 d - a flux talisman
 r - a storm talisman
 v - a maw talisman
Wands
 l - a wand of roots (11)
 s - a wand of flame (11) (quivered)
Scrolls
 e - a scroll of poison
 k - a scroll of noise {unknown}
 o - a scroll of identify {unknown}
 p - a scroll of enchant armour {unknown}
 u - a scroll of blinking {unknown}
Potions
 f - a potion of magic {unknown}
 t - a potion of brilliance {unknown}


   Skills:
 + Level 2.5 Fighting
 - Level 1.5 Dodging
 * Level 5.3 Unarmed Combat
 + Level 4.1 Shapeshifting


You had 5 spell levels left.
You didn't know any spells.
Your spell library contained the following spells:

 Spells                   Type           Power      Damage    Failure   Level
 Gell's Gravitas          Tloc           0%         N/A       83%         3
 Teleport Other           Tloc           0%         N/A       83%         3
 Dimensional Bullseye     Hex/Tloc       0%         N/A       99%         4
 Manifold Assault         Tloc           0%         N/A       99%         4
 Passage of Golubria      Tloc           0%         N/A       99%         4
 Dispersal                Tloc           0%         N/A       100%        6
 Summon Ice Beast         Ice/Summ       Unusable   N/A       N/A         4

Dungeon Overview and Level Annotations

Branches:
Dungeon (6/15)
 Temple: D:4-7

Altars:
Ashenzari
Fedhas
Gozag
Nemelex Xobeh
Okawaru
Sif Muna
Wu Jian
Yredelemnul

Shops:
D:6 (


Innate Abilities, Weirdness & Mutations

You are a hulking beast.
Your limbs bulge with bestial killing power. (Slay +2)
You are too large for most types of armour.
You have claws for hands.
Your natural rate of healing is unusually fast.
You are covered in fur. (AC +1)
You have tough skin. (AC +1)
You are partially covered in iridescent scales. (AC +2)
You are weak. (Str -2)
You have hidden genetic potential.


Message History

The ice beast is lightly wounded.
The ufetubus misses you. The ufetubus hits you. x2
The ufetubus barely misses you. The ice beast barely misses you.
The ufetubus hits you. x4
You scratch the ice beast.
The ice beast is moderately wounded.
The ufetubus hits you. x3
* * * LOW HITPOINT WARNING * * *
The ufetubus hits you but does no damage.
The ice beast hits you.
* * * LOW HITPOINT WARNING * * *
The ice beast freezes you!
* * * LOW HITPOINT WARNING * * *
You scratch the ice beast.
The ice beast is moderately wounded.
The ufetubus hits you but does no damage.
The ufetubus barely misses you. The ufetubus hits you.
* * * LOW HITPOINT WARNING * * *
The ufetubus hits you.
* * * LOW HITPOINT WARNING * * *
Unknown command.
You scratch the ice beast but do no damage.
The ice beast is moderately wounded.
The ufetubus barely misses you.
The ufetubus hits you but does no damage.
The ufetubus completely misses you. The ufetubus hits you.
* * * LOW HITPOINT WARNING * * *
The ice beast closely misses you. The ufetubus barely misses you. x3
The ufetubus hits you.
* * * LOW HITPOINT WARNING * * *
Unknown command.
You feel extremely strange.
You feel clumsy.
Iridescent scales grow over part of your body.
You feel a hidden potential growing inside you.
You feel weaker. The ice beast hits you.
* * * LOW HITPOINT WARNING * * *
The ice beast freezes you.
You die...

....#......#..#
.##...........##...###
...##............<...#
#....................
.#....................
......................
...............$......
...<..................
.............5hY..>#
.............5.†...#
..............#..!....
..............#.#.....
...............###....
..............## #...
?..#....#.#### #..
######(..# ..


You could see an ice beast and 2 ufetubi.

Vanquished Creatures
  A scorpion (D:6)
  An iguana (D:4)
  3 adders
  5 gnolls
  2 ufetubi (D:6)
  A worm (D:2)
  A dart slug (D:2)
  12 orcs
  9 ball pythons
  10 endoplasms
  2 giant cockroaches
  11 goblins
  8 hobgoblins
  9 jackals
  4 kobolds
  6 quokkas
  A bat (D:2)
  8 frilled lizards
  7 rats
101 creatures vanquished.

Notes
Turn   | Place    | Note
-------+----------+-------------------------------------------
     0 | D:1      | BigPumpCobain the Troll Shapeshifter began the quest for
                  | the Orb.
     0 | D:1      | Reached XP level 1. HP: 18/18 MP: 0/0
    50 | D:1      | Reached skill level 1 in Fighting
   106 | D:1      | Reached XP level 2. HP: 27/27 MP: 1/1
   149 | D:1      | Reached XP level 3. HP: 32/33 MP: 2/2
   228 | D:1      | Got the Atlas of the Owl
   613 | D:2      | Reached skill level 4 in Unarmed Combat
   882 | D:2      | Reached XP level 4. HP: 41/41 MP: 3/3
  1401 | D:3      | Found a basalt altar of Yredelemnul.
  1819 | D:4      | Found an iron altar of Okawaru.
  1820 | D:4      | Found a shimmering blue altar of Sif Muna.
  1822 | D:4      | Found an ornate altar of the Wu Jian Council.
  1822 | D:4      | Found a sparkling altar of Nemelex Xobeh.
  1826 | D:4      | Found a blossoming altar of Fedhas.
  1827 | D:4      | Found an opulent altar of Gozag.
  1916 | D:4      | Became a worshipper of Warmaster Okawaru
  1954 | D:4      | Found a broken altar of Ashenzari.
  2138 | D:4      | Reached XP level 5. HP: 49/49 MP: 4/4
  2434 | D:4      | Gained mutation: You are agile. (Dex +4, Str/Int -1)
                  | [potion of mutation]
  2446 | D:4      | Reached skill level 5 in Unarmed Combat
  2559 | D:4      | You fall into a shaft and drop 2 floors!
  2559 | D:6      | Found Vitag's Weapon Shop.
  2573 | D:6      | Noticed an ice beast
  2582 | D:6      | Reached XP level 6. HP: 35/59 MP: 5/5
  2585 | D:6      | HP: 2/59 [ufetubus (1)]
  2586 | D:6      | Lost mutation: You are agile. (Dex +4, Str/Int -1) [potion
                  | of mutation]
  2586 | D:6      | Gained mutation: You are partially covered in iridescent
                  | scales. (AC +2) [potion of mutation]
  2586 | D:6      | Gained mutation: You have hidden genetic potential. [potion
                  | of mutation]
  2586 | D:6      | Gained mutation: You are weak. (Str -2) [potion of
                  | mutation]
  2586 | D:6      | Slain by an ice beast

Illustrated notes

Levels and vault maps discovered:
D:1:      minmay_arrival_radiant_lines, layout_rooms, hangedman_decor_points,
          dk_noncrumbling_2, nicolae_grassy_gnolls
D:2:      layout_loops_ring
D:3:      layout_basic, overflow_temple_1_default, minmay_crystal_water
D:4:      layout_loops_corners, ashenzari_conservatory_becter, minitemple,
          temple_hall, serial_shops, shop, kennysheep_generic_room_3
D:6:      layout_cave_pools, fiery_altar_vehumet, serial_shops, shop

Skill      XL: |  1  2  3  4  5 |
---------------+----------------+-----
Fighting       | 1 2 |  2.5
Unarmed Combat | 4 5 |  5.3
Shapeshifting  | 4 |  4.1
Dodging        | |  1.5

Action                     |  1- 3 |  4- 6 || total
---------------------------+-------+-------++-------
  Melee: Unarmed           |    79 |   134 ||   213
         Punch             |     1 |     4 ||     5
  Evoke: Wand              |       |     9 ||     9
    Use: Potion            |       |     5 ||     5
         Scroll            |       |     3 ||     3
   Stab: Distracted        |       |     1 ||     1
         Sleeping          |       |     1 ||     1
 Armour: Animal skin       |    40 |   121 ||   161
         Skin              |       |    37 ||    37
  Dodge: Dodged            |    38 |    89 ||   127

Table legend: (Time is in decaauts)
 A = Elapsed time spent in this place.
 B = Non-inter-level travel time spent in this place.
 C = Inter-level travel time spent in this place.
 D = Time resting spent in this place.
 E = Time spent auto-exploring this place.
 F = Levels seen in this place.
 G = Mean time per level.
                   A        B        C        D        E       F      G
               +--------+--------+--------+--------+--------+-----+--------+
         Total |   2568 |   2457 |    111 |     34 |   1921 |   5 |  513.6 |
       Dungeon |   2568 |   2457 |    111 |     34 |   1921 |   5 |  513.6 |
               +--------+--------+--------+--------+--------+-----+--------+

Top non-repeatable levels by time:
     D:4: 792 daAuts
     D:2: 783 daAuts
     D:3: 487 daAuts
     D:1: 478 daAuts
     D:6: 25 daAuts
